TOP OF THE 1ST |
Rocky Mountain Nuggets batting - Pitching for Wizarding Express : RHP Bartolo Ramírez
|
Pitching: RHP Bartolo Ramírez
|
|
Batting: RHB Mark Melton
|
0-0: Ball 1-0: Hit by Pitch
|
Batting: RHB Iván Vega
|
0-0: Called Strike 0-1: Ball 1-1: Swinging Strike 1-2: SINGLE (Groundball, 56D) Mark Melton to second
|
Batting: LHB Juan Ríos
|
0-0: Called Strike 0-1: Ball 1-1: Ball 2-1: Fly out, F7 (Flyball, 78D)
|
Batting: RHB David Verhoeve
|
0-0: Called Strike 0-1: Ball Wild Pitch! Mark Melton to third Iván Vega to second 1-1: Ball 2-1: Ball 3-1: Ground out 5-3 (Groundball, 5)
|
Batting: LHB Randy Bowen
|
0-0: Called Strike 0-1: Ball 1-1: Called Strike 1-2: Foul Ball, location: 2F 1-2: Ball 2-2: Fly out, F7 (Line Drive, 7M)
|
Top of the 1st over - 0 run(s), 1 hit(s), 0 error(s), 2 left on base; Rocky Mountain 0 - Wizarding 0 |
BOTTOM OF THE 1ST |
Wizarding Express batting - Pitching for Rocky Mountain Nuggets : RHP Hunter Wilson
|
Pitching: RHP Hunter Wilson
|
|
Batting: LHB Nathan Tanner
|
0-0: SOLO HOME RUN (Line Drive, 7LD), Distance : 322 ft
|
Batting: RHB Michael Montgomery
|
0-0: Ground out 6-3 (Groundball, 6)
|
Batting: RHB Rafael Arredondo
|
0-0: Ball 1-0: Fly out, F5 (Popup, 5L)
|
Batting: RHB Cole Shaffer
|
0-0: Ball 1-0: Foul Ball, location: 2F 1-1: Fly out, F8 (Line Drive, 8LD)
|
Bottom of the 1st over - 1 run(s), 1 hit(s), 0 error(s), 0 left on base; Rocky Mountain 0 - Wizarding 1 |
TOP OF THE 2ND |
Rocky Mountain Nuggets batting - Pitching for Wizarding Express : RHP Bartolo Ramírez
|
Batting: LHB Javier Sánchez
|
0-0: Ball 1-0: Swinging Strike 1-1: Foul Ball, location: 2F 1-2: Ball 2-2: Foul Ball, location: 2F 2-2: Foul Ball, location: 2F 2-2: Strikes out swinging
|
Batting: RHB Michael Riley
|
0-0: Foul Ball, location: 2F 0-1: Ball 1-1: Ball 2-1: Called Strike 2-2: Ground out 6-3 (Groundball, 6)
|
Batting: SHB Jorge Colomo
|
0-0: Ball 1-0: Ball 2-0: Foul Ball, location: 2F 2-1: Ball 3-1: Called Strike 3-2: Fly out, F8 (Flyball, 8RM)
|
Top of the 2nd over - 0 run(s), 0 hit(s), 0 error(s), 0 left on base; Rocky Mountain 0 - Wizarding 1 |
BOTTOM OF THE 2ND |
Wizarding Express batting - Pitching for Rocky Mountain Nuggets : RHP Hunter Wilson
|
Batting: SHB Eiji Suzuki
|
0-0: Swinging Strike 0-1: Ball 1-1: Ground out U3 (Groundball, 3)
|
Batting: RHB António Martínez
|
0-0: Ball 1-0: Ball 2-0: Ball 3-0: Called Strike 3-1: Called Strike 3-2: Fly out, F5 (Popup, 5F)
|
Batting: LHB Chris Thurman
|
0-0: Ball 1-0: Called Strike 1-1: Fly out, F9 (Flyball, 9LM)
|
Bottom of the 2nd over - 0 run(s), 0 hit(s), 0 error(s), 0 left on base; Rocky Mountain 0 - Wizarding 1 |
TOP OF THE 3RD |
Rocky Mountain Nuggets batting - Pitching for Wizarding Express : RHP Bartolo Ramírez
|
Batting: RHB Juan Ávila
|
0-0: Ground out 6-3 (Groundball, 6)
|
Batting: RHB Mark Melton
|
0-0: Ball 1-0: Ball 2-0: Swinging Strike 2-1: Ball 3-1: Called Strike 3-2: SINGLE (Line Drive, 5D)
|
Batting: RHB Iván Vega
|
0-0: Ball Wild Pitch! Mark Melton to second 1-0: Ball 2-0: Fly out, F8 (Flyball, 8LD) Runner from 2nd tags up, OUT at 3rd
|
Top of the 3rd over - 0 run(s), 1 hit(s), 0 error(s), 0 left on base; Rocky Mountain 0 - Wizarding 1 |
BOTTOM OF THE 3RD |
Wizarding Express batting - Pitching for Rocky Mountain Nuggets : RHP Hunter Wilson
|
Batting: LHB Rick Watson
|
0-0: Ground out 3-1 (Groundball, 34S)
|
Batting: RHB Nathan Clay
|
0-0: Called Strike 0-1: Called Strike 0-2: Strikes out looking
|
Batting: LHB Nathan Tanner
|
0-0: Ball 1-0: Swinging Strike 1-1: Swinging Strike 1-2: Ball 2-2: Ball 3-2: DOUBLE (Groundball, 5D)
|
Batting: RHB Michael Montgomery
|
0-0: Ball 1-0: Ball 2-0: Called Strike 2-1: Ball 3-1: Base on Balls
|
Batting: RHB Rafael Arredondo
|
0-0: Ball 1-0: Foul Ball, location: 2F 1-1: Foul Ball, location: 2F 1-2: Fly out, F2 (Popup, 2LF)
|
Bottom of the 3rd over - 0 run(s), 1 hit(s), 0 error(s), 2 left on base; Rocky Mountain 0 - Wizarding 1 |
TOP OF THE 4TH |
Rocky Mountain Nuggets batting - Pitching for Wizarding Express : RHP Bartolo Ramírez
|
Batting: LHB Juan Ríos
|
0-0: Called Strike 0-1: Ball 1-1: Ground out 4-3 (Groundball, 4)
|
Batting: RHB David Verhoeve
|
0-0: Ball 1-0: Called Strike 1-1: Ball 2-1: Ball 3-1: Called Strike 3-2: Foul Ball, location: 2F 3-2: Base on Balls
|
Batting: LHB Randy Bowen
|
0-0: Ball 1-0: Grounds into double play, 4-6-3 (Groundball, 4)
|
Top of the 4th over - 0 run(s), 0 hit(s), 0 error(s), 0 left on base; Rocky Mountain 0 - Wizarding 1 |
BOTTOM OF THE 4TH |
Wizarding Express batting - Pitching for Rocky Mountain Nuggets : RHP Hunter Wilson
|
Batting: RHB Cole Shaffer
|
0-0: Ball 1-0: Swinging Strike 1-1: Ball 2-1: Fly out, F8 (Flyball, 8LD)
|
Batting: SHB Eiji Suzuki
|
0-0: Fly out, F4 (Popup, 4D)
|
Batting: RHB António Martínez
|
0-0: Ball 1-0: Swinging Strike 1-1: Foul Ball, location: 2F 1-2: Ball 2-2: Ground out 5-3 (Groundball, 5)
|
Bottom of the 4th over - 0 run(s), 0 hit(s), 0 error(s), 0 left on base; Rocky Mountain 0 - Wizarding 1 |
TOP OF THE 5TH |
Rocky Mountain Nuggets batting - Pitching for Wizarding Express : RHP Bartolo Ramírez
|
Batting: LHB Javier Sánchez
|
0-0: Swinging Strike 0-1: Ground out 4-3 (Groundball, 4)
|
Batting: RHB Michael Riley
|
0-0: SINGLE (Line Drive, 56)
|
Batting: SHB Jorge Colomo
|
0-0: Fly out, F7 (Line Drive, 7M)
|
Batting: RHB Juan Ávila
|
0-0: Called Strike 0-1: Ball 1-1: Foul Ball, location: 2F 1-2: Foul Ball, location: 2F 1-2: Strikes out swinging
|
Top of the 5th over - 0 run(s), 1 hit(s), 0 error(s), 1 left on base; Rocky Mountain 0 - Wizarding 1 |
BOTTOM OF THE 5TH |
Wizarding Express batting - Pitching for Rocky Mountain Nuggets : RHP Hunter Wilson
|
Batting: LHB Chris Thurman
|
0-0: Foul Ball, location: 2F 0-1: Foul Ball, location: 2F 0-2: Foul Ball, location: 2F 0-2: Strikes out looking
|
Batting: LHB Rick Watson
|
0-0: Called Strike 0-1: Swinging Strike 0-2: Ball 1-2: Foul Ball, location: 2F 1-2: Foul Ball, location: 2F 1-2: Foul Ball, location: 2F 1-2: Ball 2-2: Ball 3-2: Foul Ball, location: 2F 3-2: Strikes out swinging
|
Batting: RHB Nathan Clay
|
0-0: Ball 1-0: Ball 2-0: Ball 3-0: Called Strike 3-1: Base on Balls
|
Batting: LHB Nathan Tanner
|
0-0: Ball 1-0: SINGLE (Groundball, 4MD) (infield hit) Nathan Clay to second
|
Batting: RHB Michael Montgomery
|
0-0: Ball 1-0: Foul Ball, location: 2F 1-1: Ball 2-1: Ball 3-1: Foul Ball, location: 2F 3-2: Foul Ball, location: 2F 3-2: Fly out, F7 (Flyball, 78M)
|
Bottom of the 5th over - 0 run(s), 1 hit(s), 0 error(s), 2 left on base; Rocky Mountain 0 - Wizarding 1 |
TOP OF THE 6TH |
Rocky Mountain Nuggets batting - Pitching for Wizarding Express : RHP Bartolo Ramírez
|
Batting: RHB Mark Melton
|
0-0: Foul Ball, location: 2F 0-1: Ground out 6-3 (Groundball, 56)
|
Batting: RHB Iván Vega
|
0-0: Ball 1-0: Ball 2-0: Foul Ball, location: 2F 2-1: SINGLE (Groundball, 56D)
|
Batting: LHB Juan Ríos
|
0-0: Called Strike 0-1: Called Strike 0-2: Ball 1-2: DOUBLE (Flyball, 78D) Iván Vega to third
|
Batting: RHB David Verhoeve
|
0-0: Ball 1-0: Swinging Strike 1-1: Foul Ball, location: 2F 1-2: Ground out 6-3 (Groundball, 6) Iván Vega scores Juan Ríos to third
|
Batting: LHB Randy Bowen
|
0-0: Fly out, F7 (Popup, 7S)
|
Top of the 6th over - 1 run(s), 2 hit(s), 0 error(s), 1 left on base; Rocky Mountain 1 - Wizarding 1 |
BOTTOM OF THE 6TH |
Wizarding Express batting - Pitching for Rocky Mountain Nuggets : RHP Hunter Wilson
|
Batting: RHB Rafael Arredondo
|
0-0: Foul Ball, location: 2F 0-1: Fly out, F6 (Line Drive, 6)
|
Batting: RHB Cole Shaffer
|
0-0: Fly out, F8 (Flyball, 8LXD)
|
Batting: SHB Eiji Suzuki
|
0-0: Ball 1-0: Foul Ball, location: 2F 1-1: Fly out, F8 (Flyball, 8RM)
|
Bottom of the 6th over - 0 run(s), 0 hit(s), 0 error(s), 0 left on base; Rocky Mountain 1 - Wizarding 1 |
TOP OF THE 7TH |
Rocky Mountain Nuggets batting - Pitching for Wizarding Express : RHP Bartolo Ramírez
|
Batting: LHB Javier Sánchez
|
0-0: Ball 1-0: Ball 2-0: Ball 3-0: Called Strike 3-1: Base on Balls
|
Batting: RHB Michael Riley
|
0-0: Ball 1-0: Ball 2-0: Fly out, F8 (Flyball, 8RXD)
|
Batting: SHB Jorge Colomo
|
0-0: Fly out, F8 (Flyball, 8LM)
|
Batting: RHB Juan Ávila
|
0-0: Called Strike 0-1: Ball 1-1: Foul Ball, location: 2F 1-2: Strikes out swinging
|
Top of the 7th over - 0 run(s), 0 hit(s), 0 error(s), 1 left on base; Rocky Mountain 1 - Wizarding 1 |
BOTTOM OF THE 7TH |
Wizarding Express batting - Pitching for Rocky Mountain Nuggets : RHP Hunter Wilson
|
Batting: RHB António Martínez
|
0-0: Ball 1-0: Foul Ball, location: 2F 1-1: Ball 2-1: Called Strike 2-2: Ball 3-2: Strikes out swinging
|
Batting: LHB Chris Thurman
|
0-0: Ball 1-0: Ball 2-0: Ball 3-0: Called Strike 3-1: Base on Balls
|
Batting: LHB Rick Watson
|
0-0: Ball 1-0: Ball 2-0: Fly out, F8 (Flyball, 8RXD)
|
Pinch Hitting: LHB Emílio Sáenz
|
0-0: Ball Chris Thurman is caught stealing 2nd base
|
Bottom of the 7th over - 0 run(s), 0 hit(s), 0 error(s), 0 left on base; Rocky Mountain 1 - Wizarding 1 |
TOP OF THE 8TH |
Rocky Mountain Nuggets batting - Pitching for Wizarding Express : RHP Bartolo Ramírez
|
Now at 2B: Tenshin Ichikawa
|
|
Batting: RHB Mark Melton
|
0-0: Ball 1-0: Ground out 4-3 (Groundball, 4S)
|
Batting: RHB Iván Vega
|
0-0: Ball 1-0: Ball 2-0: Called Strike 2-1: DOUBLE (Line Drive, 7LM)
|
Batting: LHB Juan Ríos
|
0-0: DOUBLE (Line Drive, 9LS) Iván Vega scores
|
Pitching: RHP Enrico Reséndez
|
|
Batting: RHB David Verhoeve
|
0-0: Called Strike 0-1: SINGLE (Line Drive, 56D) Juan Ríos to third Runner from 3rd tries for Home, SAFE, no throw or cutoff
|
Batting: LHB Randy Bowen
|
0-0: Called Strike 0-1: Ball 1-1: Swinging Strike 1-2: Ball 2-2: Fly out, F7 (Flyball, 7LS)
|
Batting: LHB Javier Sánchez
|
0-0: Called Strike 0-1: 2-RUN HOME RUN (Flyball, 9D), Distance : 355 ft
|
Batting: RHB Michael Riley
|
0-0: Called Strike 0-1: Ball 1-1: Ball 2-1: Swinging Strike 2-2: Strikes out looking
|
Top of the 8th over - 4 run(s), 4 hit(s), 0 error(s), 0 left on base; Rocky Mountain 5 - Wizarding 1 |
BOTTOM OF THE 8TH |
Wizarding Express batting - Pitching for Rocky Mountain Nuggets : RHP Hunter Wilson
|
Batting: RHB Tenshin Ichikawa
|
0-0: Ground out 6-3 (Groundball, 6M)
|
Batting: LHB Nathan Tanner
|
0-0: Ball 1-0: Ball 2-0: Foul Ball, location: 2F 2-1: Fly out, F7 (Line Drive, 78M)
|
Batting: RHB Michael Montgomery
|
0-0: Ball 1-0: Ball 2-0: Fly out, F6 (Line Drive, 6)
|
Bottom of the 8th over - 0 run(s), 0 hit(s), 0 error(s), 0 left on base; Rocky Mountain 5 - Wizarding 1 |
TOP OF THE 9TH |
Rocky Mountain Nuggets batting - Pitching for Wizarding Express : RHP Enrico Reséndez
|
Pitching: RHP Joe Benítez
|
|
Batting: SHB Jorge Colomo
|
0-0: Foul Ball, location: 2F 0-1: Ball 1-1: Ball 2-1: Ground out 4-3 (Groundball, 4M)
|
Batting: RHB Juan Ávila
|
0-0: Called Strike 0-1: Called Strike 0-2: Strikes out swinging
|
Batting: RHB Mark Melton
|
0-0: Ground out 1-3 (Groundball, 15S)
|
Top of the 9th over - 0 run(s), 0 hit(s), 0 error(s), 0 left on base; Rocky Mountain 5 - Wizarding 1 |
BOTTOM OF THE 9TH |
Wizarding Express batting - Pitching for Rocky Mountain Nuggets : RHP Hunter Wilson
|
Batting: RHB Rafael Arredondo
|
0-0: Ground out 2-3 (Groundball, 25)
|
Batting: RHB Cole Shaffer
|
0-0: Called Strike 0-1: Ball 1-1: Ball 2-1: Ball 3-1: Reached on error, E1 (Groundball, 15)
|
Pitching: RHP Jorge Garza
|
|
Batting: SHB Eiji Suzuki
|
0-0: Called Strike 0-1: Swinging Strike 0-2: Strikes out swinging
|
Batting: RHB António Martínez
|
0-0: Called Strike 0-1: Swinging Strike 0-2: Foul Ball, location: 2F 0-2: Strikes out looking
|
Bottom of the 9th over - 0 run(s), 0 hit(s), 1 error(s), 1 left on base; Rocky Mountain 5 - Wizarding 1 |
|